 Dungeon Crawl Stone Soup version 0.29-a0-375-g5102b3be25 (webtiles) character file.

Game seed: 10894919200906038553

2971 Antichthon the Blocker (level 9, -1/57 HPs)
             Began as a Gargoyle Fighter on May 4, 2022.
             Was a Believer of Zin.
             Killed from afar by an orc wizard (6 damage)
             ... with a magic dart
             ... on level 6 of the Dungeon.
             The game lasted 00:12:47 (6165 turns).

Antichthon the Blocker (Gargoyle Fighter)           Turns: 6165, Time: 00:12:48

Health: -1/57      AC: 27    Str: 28    XL:     9   Next: 82%
Magic:  12/12      EV:  5    Int: 13    God:    Zin [**....]
Gold:   501        SH: 14    Dex:  9    Spells: 8/8 levels left

rFire   . . .      SeeInvis .   a - +1 whip (venom)
rCold   . . .      Faith    .   o - +0 tower shield
rNeg    + . .      Spirit   .   j - +0 plate armour
rPois   ∞          Reflect  .   l - +2 helmet
rElec   +          Harm     .   (no cloak)
rCorr   .          Rampage  .   p - +0 pair of gloves
Will    .....      Rnd*Tele +   g - +1 pair of boots
Stlth   ..........              (no amulet)
HPRegen 0.99/turn               k - +6 ring of strength
MPRegen 0.13/turn               (no ring)

@: no status effects
A: sickness immunity, AC +6, negative energy resistance 1, electricity
resistance, torment resistance 1, petrification resistance, clever 1,
regeneration 1, shaggy fur 1, teleportitis 1
a: Renounce Religion, Recite, Vitalisation, Donate Gold


You were on level 6 of the Dungeon.
You worshipped Zin.
Zin was pleased with you.
You visited 2 branches of the dungeon, and saw 7 of its levels.
You also visited: Sewer.

You collected 556 gold pieces.
You donated 55 gold pieces to Zin.

Inventory:

Hand Weapons
 a - a +1 whip of venom (weapon)
Armour
 g - a +1 pair of boots (worn)
 j - a +0 plate armour (worn)
 l - a +2 helmet (worn)
 o - a +0 tower shield (worn)
 p - a +0 pair of gloves (worn)
Jewellery
 k - a +6 ring of strength (left hand)
Wands
 s - a wand of iceblast (9)
Scrolls
 b - 2 scrolls of poison
 i - 2 scrolls of identify
 n - 4 scrolls of immolation
Potions
 c - 2 potions of haste
 d - a potion of might
 e - a potion of curing
 h - a potion of ambrosia
 q - a potion of attraction
 r - 3 potions of resistance


   Skills:
 * Level 7.3 Fighting
 * Level 5.0 Maces & Flails
 * Level 7.7 Armour
 * Level 3.1 Dodging
 * Level 8.1 Shields
 * Level 4.1 Invocations


You had 8 spell levels left.
You didn't know any spells.
Your spell library contained the following spells:

 Spells                   Type           Power      Damage    Failure   Level
 Animate Skeleton         Necr           0%         N/A       100%        1
 Pain                     Necr           0%         1d4       100%        1
 Summon Small Mammal      Summ           0%         N/A       100%        1
 Ensorcelled Hibernation  Hex/Ice        0%         N/A       100%        2
 Call Canine Familiar     Summ           0%         N/A       100%        3
 Spider Form              Tmut/Pois      0%         N/A       100%        3
 Summon Guardian Golem    Hex/Summ       0%         N/A       100%        3
 Tukima's Dance           Hex            0%         N/A       100%        3
 Vampiric Draining        Necr           0%         2d6       100%        3
 Anguish                  Hex/Necr       0%         N/A       100%        4
 Enfeeble                 Hex            0%         N/A       100%        7


Dungeon Overview and Level Annotations

Branches:
Dungeon (6/15)             Temple (1/1) D:6           Sewer (visited)

Altars:
Ashenzari
Cheibriados
Dithmenos
Elyvilon
Fedhas
Gozag
Hepliaklqana
Kikubaaqudgha
Makhleb
Nemelex Xobeh
Okawaru
Qazlal
Ru
Sif Muna
Trog
Vehumet
Wu Jian
Xom
Yredelemnul
Zin
The Shining One

Shops:
D:2 [


Innate Abilities, Weirdness & Mutations

You are immune to sickness and miasma.
Your stone body is resilient. (AC +6)
You are immune to poison.
You resist negative energy. (rN+)
You are resistant to electric shocks. (rElec)
You are resistant to unholy torment.
You are immune to petrification.
Your mind is acute. (Int +2)
Your natural rate of healing is unusually fast.
You are covered in fur. (AC +1)
You are occasionally teleported next to monsters.


Message History

You block the orc's attack.
The orc wizard gestures at you while chanting.
You easily resist.
Unknown command.
You hit the orc priest.
The orc priest is moderately wounded.
The orc priest looks encouraged for a moment.
You block the orc's attack. The orc hits you but does no damage.
The orc wizard hits you but does no damage.
Unknown command.
You hit the orc priest.
The orc priest is heavily wounded.
The orc priest invokes the aid of Beogh against you.
Beogh smites you!
* * * LOW HITPOINT WARNING * * *
The orc hits you but does no damage. You block the orc's attack.
You block the orc wizard's attack.
You feel better. You block the orc priest's attack. You block the orc's attack.
The orc hits you but does no damage.
The orc wizard casts a spell.
The orc wizard flickers and vanishes!
Deactivating autopickup; reactivate with Ctrl-A.
Unknown command.
You hit the orc priest but do no damage.
The orc priest looks as sick as possible!
The orc priest is severely wounded.
The orc priest calls down the wrath of Beogh upon you.
Beogh smites you!
* * * LOW HITPOINT WARNING * * *
The orc hits you but does no damage. You block the orc's attack.
Something hits you but does no damage.
You feel better.
The orc priest calls down the wrath of Beogh upon you.
Beogh smites you!
* * * LOW HITPOINT WARNING * * *
The orc hits you but does no damage. The orc barely misses you.
You hear some strange, mumbled words.
A magic dart appears from out of thin air!
The magic dart hits you.
You die...

. #.....###.# #. #.#........
.##.#.#.# #.# .......###.#
#.......##.###.# #
#..#.##....o...# ######
#..#.##.##.# ####### .....#
#..#o......# #..†... ####.#
#.o@o.#.#### #.##### #.#
#)..{.#.# #.# ###.#### #.......#
#.# #......# ###...### #.#
##.#.##.## #...########.#
.#.#.....#### #...##.......##
.#.##.......####...##.#####..#
.#.##.#...................#..####
..........................#......


You could see an orc priest (extremely poisoned) and 2 orcs.

Vanquished Creatures
  Pikel (D:6)
  A cyclops (D:6)
  An ice beast (D:6)
  3 ogres
  A centaur (D:6)
  2 kobold brigands (Sewer)
  A necrophage (D:5)
  3 gnoll sergeants (D:6)
  4 scorpions
  A killer bee (D:5)
  A howler monkey (D:5)
  5 hounds (D:6)
  7 orc priests
  4 orc wizards
  3 iguanas
  Robin (D:3)
  7 gnolls
  13 adders
  10 river rats
  An ufetubus (D:5)
  A worm (D:5)
  3 dart slugs
  13 orcs
  10 ball pythons
  5 bats
  5 endoplasms
  4 giant cockroaches
  14 goblins
  17 hobgoblins
  2 jackals (D:5)
  28 kobolds
  9 quokkas
  5 frilled lizards
  26 rats
212 creatures vanquished.

Vanquished Creatures (others)
  29 plants
29 creatures vanquished.

Grand Total: 241 creatures vanquished

Notes
Turn   | Place    | Note
-------+----------+-------------------------------------------
     0 | D:1      | Antichthon the Gargoyle Fighter began the quest for the
                  | Orb.
     0 | D:1      | Reached XP level 1. HP: 14/14 MP: 1/1
   209 | D:1      | Reached XP level 2. HP: 19/19 MP: 2/2
   856 | D:2      | Reached XP level 3. HP: 23/23 MP: 3/3
  1369 | D:2      | Identified the +3 war axe "Eboyto Feoll" {vamp, *Corrode
                  | Will+ SInv}
  1413 | D:2      | Found a faded altar of an unknown god.
  1427 | D:2      | Reached XP level 4. HP: 19/29 MP: 4/4
  1592 | D:2      | Found Xothriore's Armour Shoppe.
  2032 | D:3      | Reached skill level 1 in Invocations
  2120 | D:3      | Reached XP level 5. HP: 32/33 MP: 5/5
  2130 | D:3      | Noticed Robin
  2173 | D:3      | Killed Robin
  2308 | D:3      | Reached skill level 1 in Dodging
  2487 | D:4      | Reached XP level 6. HP: 39/39 MP: 7/7
  2691 | D:4      | Reached skill level 5 in Armour
  2697 | D:4      | Reached skill level 4 in Shields
  3545 | D:5      | Entered Level 5 of the Dungeon
  3589 | D:5      | Identified the +2 robe of Thoughtfulness {Rampage Str+3
                  | Dex+5}
  3626 | D:5      | Found a stormy altar of Qazlal.
  3632 | D:5      | Reached skill level 5 in Fighting
  3632 | D:5      | Reached XP level 7. HP: 44/44 MP: 8/8
  3635 | D:5      | Noticed an air elemental
  3640 | D:5      | Noticed a water elemental
  3731 | D:5      | Found a glowing drain.
  3754 | Sewer    | Entered a sewer
  3757 | Sewer    | Gained mutation: You are clumsy. (Dex -2) [potion of
                  | mutation]
  4044 | Sewer    | Lost mutation: You are clumsy. (Dex -2) [potion of
                  | mutation]
  4044 | Sewer    | Gained mutation: Your mind is acute. (Int +2) [potion of
                  | mutation]
  4044 | Sewer    | Gained mutation: Your natural rate of healing is unusually
                  | fast. [potion of mutation]
  4044 | Sewer    | Gained mutation: You are occasionally teleported next to
                  | monsters. [potion of mutation]
  4044 | Sewer    | Gained mutation: You are covered in fur. (AC +1) [potion of
                  | mutation]
  4490 | D:5      | Noticed a fire elemental
  4649 | D:5      | Reached skill level 5 in Shields
  4649 | D:5      | Reached XP level 8. HP: 50/50 MP: 9/9
  4838 | D:6      | Noticed a cyclops
  4859 | D:6      | Killed a cyclops
  4860 | D:6      | Reached skill level 6 in Shields
  4927 | D:6      | Noticed Pikel
  4944 | D:6      | Killed Pikel
  4945 | D:6      | Reached XP level 9. HP: 55/56 MP: 11/11
  4946 | D:6      | Found a staircase to the Ecumenical Temple.
  5053 | D:6      | Reached skill level 7 in Shields
  5191 | Temple   | Entered the Ecumenical Temple
  5626 | Temple   | Became a worshipper of Zin the Law-Giver
  5626 | Temple   | Reached * piety under Zin
  5626 | Temple   | Reached ** piety under Zin
  5936 | D:6      | Reached skill level 8 in Shields
  6003 | D:6      | Reached skill level 5 in Maces & Flails
  6165 | D:6      | Killed from afar by an orc wizard

Illustrated notes

Levels and vault maps discovered:
D:1:      scummos_arrival_forest, layout_basic, minmay_split_cup_large
D:2:      layout_loops_cross, serial_shops, nicolae_shop_crystal,
          hellmonk_ecumenical_altar_blasted
D:3:      cheibrodos_old_hovel, layout_rooms, kennysheep_generic_room_15,
          uniq_robin
D:4:      layout_gridville, minmay_starry_boxes
D:5:      layout_cave_pools, nicolae_qazlal_style_of_elements,
          gup_sewer_entry_bubbles, minmay_misc_feat_more_columns,
          kennysheep_generic_room_16
D:6:      kennysheep_housing_project, layout_loops_cross,
          minmay_temple_entry_proselytizer, uniq_pikel
Temple:   mainiacjoe_temple_big_plus

Skill      XL: |  1  2  3  4  5  6  7  8  9 |
---------------+----------------------------+-----
Armour         | 4 5 6 7 |  7.7
Maces & Flails | 3 4 5 |  5.0
Invocations    | 1 2 3 4 |  4.1
Fighting       | 4 5 6 7 |  7.3
Dodging        | 1 2 3 |  3.1
Shields        | 4 5 6 8 |  8.1

Action                   |  1- 3 |  4- 6 |  7- 9 || total
-------------------------+-------+-------+-------++-------
Melee: Flail             |   106 |       |       ||   106
       War axe           |    11 |   184 |   272 ||   467
       Whip              |     2 |       |    72 ||    74
  Use: Scroll            |     8 |     5 |     8 ||    21
       Potion            |       |     1 |     5 ||     6
Armor: Scale mail        |    28 |       |       ||    28
       Chain mail        |    60 |   157 |       ||   217
       Plate armour      |       |    24 |   303 ||   327
Dodge: Dodged            |    64 |    80 |    88 ||   232
Block: Buckler           |    26 |    41 |       ||    67
       Tower shield      |       |    24 |   321 ||   345

Table legend: (Time is in decaauts)
 A = Elapsed time spent in this place.
 B = Non-inter-level travel time spent in this place.
 C = Inter-level travel time spent in this place.
 D = Time resting spent in this place.
 E = Time spent auto-exploring this place.
 F = Levels seen in this place.
 G = Mean time per level.
                   A        B        C        D        E       F      G
               +--------+--------+--------+--------+--------+-----+--------+
         Total |   6550 |   6214 |    336 |     21 |   4105 |   8 |  818.8 |
       Dungeon |   5376 |   5119 |    257 |     21 |   3363 |   6 |  896.0 |
        Temple |    475 |    396 |     79 |      0 |    383 |   1 |  475.0 |
         Sewer |    698 |    698 |      0 |      0 |    359 |   1 |  698.0 |
               +--------+--------+--------+--------+--------+-----+--------+

Top non-repeatable levels by time:
     D:4: 1101 daAuts
     D:6: 1035 daAuts
     D:2: 1025 daAuts
     D:1: 821 daAuts
     D:3: 713 daAuts
   Sewer: 698 daAuts
     D:5: 679 daAuts
  Temple: 475 daAuts
